 Dungeon Crawl Stone Soup version 0.28-a0-1348-g050f3537b9 (webtiles) character file.

Game seed: 17521381676909005644

110 Cheeritup the Grave Robber (level 4, -2/24 HPs)
             Began as a Vampire Necromancer on Dec 30, 2021.
             Slain by a scorpion (3 damage)
             ... on level 4 of the Dungeon.
             The game lasted 00:09:52 (3065 turns).

Cheeritup the Grave Robber (Vampire Necromancer)    Turns: 3065, Time: 00:09:53

Health: -2/24      AC:  4    Str:  5 (7)  XL:     4   Next: 61%
Magic:  2/8        EV: 12    Int: 21 (23) God:
Gold:   136        SH:  0    Dex: 12 (14) Spells: 3/8 levels left

rFire   . . .      SeeInvis +   o - +2 whip (pain)
rCold   + + +      Faith    .   e - orb {mayhem}
rNeg    + + +      Spirit   .   a - +0 robe
rPois   ∞          Reflect  .   k - +2 hat
rElec   +          Harm     .   (no cloak)
rCorr   .          Rampage  .   (no gloves)
Will    .....                   (no boots)
Stlth   +++++.....              (no amulet)
HPRegen 0.08/turn               h - ring of Cochuj Faokk {Fly rElec rC+ Int+4}
MPRegen 0.11/turn               (no ring)

@: flying, bloodless
A: bloodless, fangs 3, see invisible, vampiric 2
a: Bat Form, Revivify


You were on level 4 of the Dungeon.
You visited 1 branch of the dungeon, and saw 4 of its levels.

You collected 136 gold pieces.

Inventory:

Hand Weapons
 d - a +0 short sword
 g - the +2 whip "Oseobrotso" {vorpal, rCorr SInv}
   (You found it on level 2 of the Dungeon)

   It inflicts extra damage upon your enemies.
   SInv:      It lets you see invisible.
   rCorr:     It protects you from acid and corrosion.
 l - a +3 whip
 o - a +2 whip of pain (weapon)
Armour
 a - a +0 robe (worn)
 e - an orb of mayhem (worn)
 k - a +2 hat (worn)
Jewellery
 h - the ring of Cochuj Faokk (left hand) {Fly rElec rC+ Int+4}
   (You acquired it on level 3 of the Dungeon)

   [ring of protection from cold]

   Int:       It affects your intelligence (+4).
   rC:        It protects you from cold.
   rElec:     It insulates you from electricity.
   Fly:       It grants you flight.
 p - a +6 ring of intelligence
Scrolls
 i - a scroll of immolation {unknown}
 m - a scroll of silence {unknown}
Potions
 b - 4 potions of heal wounds {unknown}
 c - a potion of curing {unknown}
 f - a potion of brilliance {unknown}
 j - a potion of berserk rage {unknown}
 n - a potion of mutation {unknown}


   Skills:
 - Level 3.2 Dodging
 + Level 4.6 Stealth
 + Level 2.8 Spellcasting
 + Level 5.0 Necromancy


You had 3 spell levels left.
You knew the following spells:

 Your Spells              Type           Power      Damage    Failure   Level
a - Pain                  Necr           96%        1d8       1%          1
b - Animate Skeleton      Necr           48%        N/A       1%          1
c - Vampiric Draining     Necr           24%        2d7       4%          3

Your spell library contained the following spells:

 Spells                   Type           Power      Damage    Failure   Level
 Inner Flame              Hex/Fire       2%         N/A       38%         3
 Animate Dead             Necr           12%        N/A       17%         4
 Agony                    Necr           24%        N/A       43%         5
 Excruciating Wounds      Necr           12%        N/A       43%         5
 Cause Fear               Hex            1%         N/A       80%         4
 Discord                  Hex            1%         N/A       100%        8


Dungeon Overview and Level Annotations

Branches:
Dungeon (4/15)
 Temple: D:4-7

Altars:
Vehumet

Shops:
D:3 (


Innate Abilities, Weirdness & Mutations

You do not regenerate when monsters are visible.
You are frail without blood (-20% HP).
You can heal yourself when you bite living creatures.
You are immune to poison.
You have razor-sharp teeth.
You have supernaturally acute eyesight. (SInv)
You are afflicted with vampirism and can become a bat while bloodless.


Message History

You kill the kobold!
The ball python flies into a frenzy!
The scorpion stings you but does no damage.
The scorpion stings you!
Okay, then.
The ball python hisses angrily.
The scorpion barely misses you.
Things that are here:
a +0 dagger; a kobold corpse; an adder corpse The ball python barely misses you. x2; The ball python bites you.
The ball python grabs you. The ball python constricts you.
* * * LOW HITPOINT WARNING * * *
Things that are here:
a +0 whip; a kobold corpse You escape the ball python's grasp.
The scorpion closely misses you. The scorpion misses you.
The ball python barely misses the scorpion.
The ball python completely misses the scorpion.
The scorpion barely misses the ball python.
The ball python barely misses the scorpion.
The ball python grabs the scorpion.
The ball python constricts the scorpion.
The scorpion closely misses the ball python.
The ball python bites the scorpion.
The ball python constricts the scorpion.
The scorpion closely misses the ball python.
The ball python bites the scorpion but does no damage.
The ball python constricts the scorpion.
The scorpion closely misses the ball python.
The ball python bites the scorpion but does no damage.
The ball python constricts the scorpion.
The scorpion stings the ball python.
The ball python dies!
The scorpion closely misses you. The scorpion stings you.
* * * LOW HITPOINT WARNING * * *
The scorpion misses you.
Okay, then.
The scorpion stings you.
You die...

#.#######......
#...S..........
##.#.###.#......
#..#.....# .....
#..#.._..#.......
#..#...K.#.......
#..#.###.#.......
##.###................
#.$....@#######.......
#######.s.............
#####.###.......
#...)# # ####)# #.#
#.# #.# #.#


You could see a neutral scorpion (fast, strong, insane).

Vanquished Creatures
  3 adders
  A dart slug (D:1)
  2 orcs (D:3)
  7 bats
  6 endoplasms
  2 giant cockroaches
  4 goblins
  A hobgoblin (D:1)
  3 jackals (D:3)
  2 quokkas (D:1)
  5 ball pythons
  A frilled lizard (D:3)
  5 kobolds
  A rat (D:1)
43 creatures vanquished.

Vanquished Creatures (collateral kills)
  An orc priest (D:3)
  A ball python (D:4)
2 creatures vanquished.

Grand Total: 45 creatures vanquished

Notes
Turn   | Place    | Note
-------+----------+-------------------------------------------
     0 | D:1      | Cheeritup the Vampire Necromancer began the quest for the
                  | Orb.
     0 | D:1      | Reached XP level 1. HP: 13/13 MP: 3/3
     2 | D:1      | Learned a level 1 spell: Animate Skeleton
   323 | D:1      | Reached XP level 2. HP: 17/19 MP: 1/5
  1473 | D:2      | Gained mutation: You are afflicted with vampirism and can
                  | become a bat while bloodless. [Vampire growth]
  1473 | D:2      | Reached XP level 3. HP: 19/19 MP: 6/6
  1588 | D:2      | Identified the +2 whip "Oseobrotso" {vorpal, rCorr SInv}
  1644 | D:2      | Learned a level 3 spell: Vampiric Draining
  2323 | D:3      | Found Zairgh's Antique Weapon Boutique.
  2358 | D:3      | Identified a scroll of acquirement
  2358 | D:3      | Acquired the ring of Cochuj Faokk {Fly rElec rC+ Int+4}
  2546 | D:3      | Reached skill level 5 in Necromancy
  2546 | D:3      | Reached XP level 4. HP: 18/24 MP: 3/8
  2723 | D:3      | Found a faded altar of an unknown god.
  2963 | D:4      | Noticed an ogre
  3008 | D:4      | Found a radiant altar of Vehumet.
  3045 | D:4      | Noticed a scorpion
  3062 | D:4      | HP: 1/24 [scorpion (6)]
  3065 | D:4      | Slain by a scorpion

Illustrated notes

Levels and vault maps discovered:
D:1:      dpeg_arrival_shrine, layout_basic
D:2:      layout_loops_ring, serial_forest, infiniplex_forest_clump_C,
          infiniplex_forest_lined_room_2, infiniplex_forest_lined_1,
          infiniplex_forest_clump_diagonal, infiniplex_forest_straight_3,
          infiniplex_forest_end_2
D:3:      layout_basic, serial_shops, shop, nicolae_ecumenical_lake_church
D:4:      layout_basic, mainiacjoe_overflow_cross_hatched, enter_ossuary_4

Skill      XL: |  1  2  3 |
---------------+----------+-----
Stealth        | 4 |  4.6
Dodging        | 3 |  3.2
Necromancy     | 5 |  5.0
Spellcasting   | |  2.8

Action                   |  1- 3 |  4- 6 || total
-------------------------+-------+-------++-------
Melee: Short sword       |    21 |       ||    21
       Unarmed           |     4 |       ||     4
       Bite              |     4 |       ||     4
       Whip              |     9 |       ||     9
 Cast: Pain              |    46 |    11 ||    57
       Animate Skeleton  |     3 |       ||     3
       Vampiric Draining |     1 |     2 ||     3
 Abil: Exsanguinate      |     1 |       ||     1
       End Transformatio |       |     1 ||     1
       Bat Form          |       |     1 ||     1
  Use: Scroll            |     1 |       ||     1
 Stab: Sleeping          |     4 |       ||     4
Armor: Robe              |    12 |     4 ||    16
Dodge: Dodged            |    33 |    10 ||    43

Table legend: (Time is in decaauts)
 A = Elapsed time spent in this place.
 B = Non-inter-level travel time spent in this place.
 C = Inter-level travel time spent in this place.
 D = Time resting spent in this place.
 E = Time spent auto-exploring this place.
 F = Levels seen in this place.
 G = Mean time per level.
                   A        B        C        D        E       F      G
               +--------+--------+--------+--------+--------+-----+--------+
         Total |   3033 |   2869 |    164 |     68 |   2187 |   4 |  758.2 |
       Dungeon |   3033 |   2869 |    164 |     68 |   2187 |   4 |  758.2 |
               +--------+--------+--------+--------+--------+-----+--------+

Top non-repeatable levels by time:
     D:1: 1229 daAuts
     D:2: 1093 daAuts
     D:3: 641 daAuts
     D:4: 69 daAuts
